 Dungeon Crawl Stone Soup version 0.26-a0-259-g1effd001a9 (webtiles) character file.

Game seed: 7464152902108477462

43 Goblin1989 the Skirmisher (level 3, 33/33 HPs)
             Began as a Ghoul Fighter on July 13, 2020.
             Quit the game on level 1 of the Dungeon on July 14, 2020.
             The game lasted 00:01:48 (1206 turns).

Goblin1989 the Skirmisher (Ghoul Fighter)           Turns: 1206, Time: 00:01:48

Health: 33/33      AC:  6    Str: 20    XL:     3   Next: 58%
Magic:  2/2        EV:  7    Int:  3    God:
Gold:   18         SH:  8    Dex:  8    Spells: 2/2 levels left

rFire    . . .     SeeInvis .     - Unarmed
rCold    + . .     Faith    .   b - +0 kite shield
rNeg     + + +     Spirit   .   a - +0 scale mail
rPois    ∞         Reflect  .   (no helmet)
rElec    .         Harm     .   (no cloak)
rCorr    .                      (no gloves)
MR       .....                  (no boots)
Stlth    ..........             (no amulet)
HPRegen  0.11/turn              (no ring)
MPRegen  0.08/turn              (no ring)

@: rotting
A: rotting body, claws 1, carnivore, cold resistance 1, negative energy
resistance 3, inhibited regeneration, torment resistance, unbreathing
a: no special abilities


You were on level 1 of the Dungeon.
You were not hungry.

You visited 1 branch of the dungeon, and saw 1 of its levels.

You collected 18 gold pieces.

Inventory:

Armour
 a - a +0 scale mail (worn)
 b - a +0 kite shield (worn)
Scrolls
 f - 2 scrolls of identify {unknown}
 g - a scroll of enchant weapon {unknown}
 k - 2 scrolls of remove curse {unknown}
Potions
 c - a potion of might {@q4}
 d - 4 potions of curing {unknown}
 e - 3 potions of stabbing {unknown}
 h - a potion of heal wounds {unknown}
 j - a potion of brilliance {unknown}
Comestibles
 l - a chunk of flesh


   Skills:
 + Level 3.6 Fighting
 + Level 3.0 Armour
 + Level 3.0 Shields
 * Level 3.1 Unarmed Combat


You had 2 spell levels left.
You didn't know any spells.
Your spell library was empty.

Dungeon Overview and Level Annotations

Branches:
Dungeon (1/15)

Altars:


Innate Abilities, Weirdness & Mutations

Your body is rotting away.
You thrive on raw meat.
You are immune to poison.
You have sharp fingernails.
You are carnivorous and can eat meat at any time.
Your flesh is cold resistant. (rC+)
You are immune to negative energy. (rN+++)
You do not regenerate when monsters are visible.
You are immune to unholy pain and torment.
You can survive without breathing.


Message History

No target in view!
No target in view!
No target in view!
No target in view!
No target in view!
No target in view!
No target in view!
HP restored.
You see here a +0 club.
You see here a +0 club.
There is an open door here.
There is an open door here.
e - 3 sedimented emerald potions (gained 1)
A kobold comes into view.
The kobold shouts!
The kobold throws a stone.
You block the stone.
You see here a stone.
Health restored: 33 You block the kobold's attack.
Your shield and scale mail prevent you from hitting the kobold.
You block the kobold's attack.
You scratch the kobold.
You kill the kobold!
No target in view!
No target in view!
No target in view!
No target in view!
No target in view!
No target in view!
No target in view!
No target in view!
No target in view!
No target in view!
No target in view!
No target in view!
No target in view!
No target in view!
You see here 3 stones {@Q3}.
You feel your flesh rotting away.
You see here a +0 dagger.
You open the door.
There is an open door here.
There is an open door here.
A giant cockroach comes into view.
You take 1 damage, and have 32/32 hp.
You scratch the giant cockroach.
The giant cockroach is heavily wounded.
You block the giant cockroach's attack.
The giant cockroach bites you but does no damage.
You closely miss the giant cockroach.
The giant cockroach is heavily wounded.
You block the giant cockroach's attack.
You scratch the giant cockroach but do no damage.
The giant cockroach is heavily wounded.
The giant cockroach bites you but does no damage.
You closely miss the giant cockroach.
The giant cockroach is heavily wounded.
The giant cockroach barely misses you.
The giant cockroach bites you but does no damage.
You closely miss the giant cockroach.
The giant cockroach is heavily wounded.
The giant cockroach closely misses you.
You claw the giant cockroach!
You kill the giant cockroach!
No target in view!
No target in view!
No target in view!
No target in view!
No target in view!
No target in view!
No target in view!
No target in view!
No target in view!
No target in view!
You butcher the giant cockroach corpse.
l - 2 chunks of flesh You eat one of the 2 chunks of flesh.
You feel more resilient.
This raw flesh tastes great!
A bat comes into view.
The bat hits you but does no damage.
Health restored: 33 You claw the bat!
You kill the bat!
No target in view!
No target in view!
No target in view!
No target in view!
No target in view!
No target in view!
No target in view!
No target in view!
No target in view!
No target in view!
No target in view!
No target in view!
No target in view!
No target in view!
Done exploring.
Done exploring.
Are you sure you want to abandon this character and quit the game? (Confirm with "yes".)

.██.█ █.█ .██.█
█.███████ ..█.██
█.█.....█ .....█
█.█.███.█ ..█..███
█.█.█ █.█ ..█....█
██.█.█ █.█ ..█....█
█....█ █.█
..█....██████████.█
..▲.....).......@.█
..██▲█(████████████
.....█.█ ..████.█
███ █.█ ██████.█
.....█.█ ████.█.█
████.█.█


There were no monsters in sight!

Vanquished Creatures
  A gnoll (D:1)
  An ooze (D:1)
  A dart slug (D:1)
  A leopard gecko (D:1)
  A ball python (D:1)
  2 bats (D:1)
  2 giant cockroaches (D:1)
  3 goblins (D:1)
  3 hobgoblins (D:1)
  2 jackals (D:1)
  4 kobolds (D:1)
  3 frilled lizards (D:1)
  2 rats (D:1)
26 creatures vanquished.

Notes
Turn   | Place    | Note
-------+----------+-------------------------------------------
     0 | D:1      | Goblin1989 the Ghoul Fighter began the quest for the Orb.
     0 | D:1      | Reached XP level 1. HP: 19/19 MP: 0/0
     2 | D:1      | Noticed a draconian
     2 | D:1      | Noticed a centaur
     4 | D:1      | Noticed a formicid
     6 | D:1      | Noticed a human
     9 | D:1      | Noticed a dwarf
     9 | D:1      | Noticed a demonspawn
    11 | D:1      | Noticed a vine stalker
    11 | D:1      | Noticed a halfling
    13 | D:1      | Noticed a gargoyle
    13 | D:1      | Noticed a spriggan
    15 | D:1      | Noticed a ghoul
    15 | D:1      | Noticed an octopode
    17 | D:1      | Noticed a minotaur
    17 | D:1      | Noticed a troll
    19 | D:1      | Noticed a tengu
    19 | D:1      | Noticed a naga
    21 | D:1      | Noticed an elf
    23 | D:1      | Noticed an ogre
    23 | D:1      | Noticed a demigod
    25 | D:1      | Noticed a felid
    27 | D:1      | Noticed a merfolk
    27 | D:1      | Noticed a vampire
   168 | D:1      | Reached XP level 2. HP: 23/26 MP: 1/1
   623 | D:1      | Reached XP level 3. HP: 28/31 MP: 2/2
  1206 | D:1      | Quit the game

Illustrated notes

Levels and vault maps discovered:
D:1:      kb_arrival_jail, layout_basic, minmay_misc_feat_doors

Skill      XL: |  1  2  3 |
---------------+----------+-----
Shields        | 3 |  3.0
Unarmed Combat | 3 |  3.1
Armour         | 3 |  3.0
Fighting       | |  3.6

Action                   || total
-------------------------++-------
Melee: Unarmed           ||   107
  Eat: Chunk             ||     8
Armor: Scale mail        ||    35
Dodge: Dodged            ||    30
Block: Kite shield       ||    50

Table legend:
 A = Non-vault XP
 B = Vault XP
 C = Vault XP percentage of total XP
 D = Non-vault monster count
 E = Vault monster count
 F = Vault count percentage of total count
                 A         B        C        D         E       F
            +---------+---------+-------+---------+---------+-------
      Total |      62 |       0 |   0.0 |      26 |       0 |   0.0
            +---------+---------+-------+---------+---------+-------
        D:1 |      62 |       0 |   0.0 |      26 |       0 |   0.0
            +---------+---------+-------+---------+---------+-------
